 Dungeon Crawl Stone Soup version 0.32-a0-329-ge6c31236d6 (webtiles) character file.

Game seed: 9454430920464309866

112 n00bmints the Cudgeller (level 4, -2/38 HPs)
             Began as an Armataur Berserker on Feb 17, 2024.
             Was a Believer of Trog.
             Slain by a hobgoblin
             ... wielding a +0 trident
              (4 damage)
             ... on level 2 of the Dungeon.
             The game lasted 00:06:40 (1395 turns).

n00bmints the Cudgeller (Armataur Berserker)        Turns: 1395, Time: 00:06:41

Health: -2/38      AC:  8    Str: 22    XL:     4   Next: 63%
Magic:  4/4        EV:  6    Int:  7    God:    Trog [**....]
Gold:   92         SH:  0    Dex: 12    Spells: 3/3 levels left

rFire   . . .        l - +0 morningstar
rCold   . . .        (no shield)
rNeg    . . .        o - +0 chain mail
rPois   .            (no helmet)
rElec   .            (no cloak)
rCorr   .            (no gloves)
SInv    .            (no barding)
Will    .....        c - amulet of faith Stlth
                     (no ring)
HPRegen 0.26/turn    (no ring)
MPRegen 0.09/turn

%: roll, faith
@: lethally poisoned (-2 -> -5)
A: large, deformed body, tough skin 3, armoured tail, roll 1
a: Renounce Religion, Berserk, Trog's Hand


You were on level 2 of the Dungeon.
You worshipped Trog.
Trog was pleased with you.
You visited 1 branch of the dungeon, and saw 2 of its levels.

You collected 92 gold pieces.

Inventory:

Hand Weapons
 a - a +0 mace
 l - a +0 morningstar (weapon)
Armour
 k - a +2 pair of gloves
 o - a +0 chain mail (worn)
Jewellery
 c - an amulet of faith (around neck)
 j - an amulet of reflection
Scrolls
 e - 2 scrolls of amnesia {unknown}
 f - a scroll of identify {unknown}
 g - 2 scrolls of teleportation {unknown}
 n - 3 scrolls of poison {unknown}
Potions
 b - a potion of heal wounds {unknown}
 d - a potion of might {unknown}
 h - a potion of brilliance {unknown}
 m - a potion of mutation {unknown}


   Skills:
 + Level 3.5 Fighting
 + Level 3.8 Maces & Flails
 + Level 3.2 Armour
 + Level 1.8 Dodging


You had 3 spell levels left.
You didn't know any spells.
Your spell library was empty.

Dungeon Overview and Level Annotations

Branches:
Dungeon (2/15)

Altars:


Innate Abilities, Weirdness & Mutations

Armour fits poorly on your strangely shaped body.
You have extremely tough skin. (AC +3)
You have a long armoured tail.
You regenerate magic when rolling toward enemies. (Rampage MPRegen)


Message History

An adder comes into view.
The adder hisses angrily.
The adder bites you but does no damage. The adder bites you.
You are poisoned.
The adder poisons you!
The hobgoblin hits you but does no damage.
You hit the adder.
The adder is lightly wounded.
You feel sick. The adder bites you but does no damage.
The hobgoblin hits you from afar with a +0 trident!
You closely miss the adder.
You feel sick. The adder bites you but does no damage.
The hobgoblin hits you from afar with a +0 trident!
The adder bites you but does no damage. x2
You miss the adder.
Your tail-slap misses the adder.
You feel sick.
The adder bites you but does no damage. x2
The hobgoblin hits you from afar with a +0 trident.
* * * LOW HITPOINT WARNING * * *
The adder closely misses you. The adder bites you but does no damage.
You miss the adder.
You feel sick. The hobgoblin barely misses you. The adder barely misses you.
The adder completely misses you.
The hobgoblin hits you from afar with a +0 trident.
* * * LOW HITPOINT WARNING * * *
The adder closely misses you.
You miss the adder.
You feel sick.
You are no longer poisoned.
The adder barely misses you. x3; The hobgoblin barely misses you.
You closely miss the adder.
Your tail-slap misses the adder.
The adder bites you but does no damage. x2
The hobgoblin hits you from afar with a +0 trident.
* * * LOW HITPOINT WARNING * * *
The adder bites you.
* * * LOW HITPOINT WARNING * * *
You are lethally poisoned!
The adder poisons you! The adder bites you but does no damage.
Unknown command.
* * * LOW HITPOINT WARNING * * *
You feel sick.
The hobgoblin hits you from afar with a +0 trident.
You die...

### ..# ## #.# #.## #.#
#...# # #.# #..... #.
#.########......
##.#######........S......
................@.#
##.#..####[†###..S# #..#
#..# ##..g...
#.#..####..# ####..#
#..>.†.....# ....
###..#†.##.#### .#.#
....#.#.#.....# #. .
#.#.####.#..##.# #. . ##
#.#### #


You could see 2 adders and a hobgoblin.

Vanquished Creatures
  Natasha (D:2)
  An adder (D:2)
  A dart slug (D:2)
  2 ribbon worms (D:2)
  3 endoplasms (D:1)
  3 goblins
  4 hobgoblins
  4 jackals (D:2)
  4 kobolds
  A quokka (D:1)
  3 ball pythons
  5 bats
  6 frilled lizards
  4 rats
42 creatures vanquished.

Notes
Turn   | Place    | Note
-------+----------+-------------------------------------------
     0 | D:1      | n00bmints the Armataur Berserker began the quest for the
                  | Orb.
     0 | D:1      | Reached XP level 1. HP: 18/18 MP: 1/1
   107 | D:1      | Reached XP level 2. HP: 22/25 MP: 2/2
   322 | D:1      | Reached XP level 3. HP: 28/31 MP: 3/3
   643 | D:1      | Reached ** piety under Trog
   961 | D:2      | Found a faded altar of an unknown god.
  1250 | D:2      | Reached XP level 4. HP: 38/38 MP: 4/4
  1324 | D:2      | Noticed Natasha
  1330 | D:2      | Killed Natasha
  1395 | D:2      | Slain by a hobgoblin

Illustrated notes

Levels and vault maps discovered:
D:1:      dpeg_arrival_simpleton_a, layout_basic, serial_park_tiny_1,
          minivault_27
D:2:      minmay_general_purpose_star, layout_loops_ring,
          nicolae_ecumenical_lake_church, uniq_natasha

Skill      XL: |  1  2  3  4 |
---------------+-------------+-----
Maces & Flails | 3 |  3.8
Fighting       | 3 |  3.5
Armour         | 3 |  3.2
Dodging        | |  1.8

Action                     |  1- 3 |  4- 6 || total
---------------------------+-------+-------++-------
  Melee: Mace              |    80 |     6 ||    86
         Tailslap          |     9 |     4 ||    13
         Morningstar       |       |    21 ||    21
 Armour: Leather armour    |    29 |       ||    29
         Ring mail         |    37 |    17 ||    54
         Chain mail        |       |    20 ||    20
  Dodge: Dodged            |    47 |    19 ||    66

Table legend: (Time is in decaauts)
 A = Elapsed time spent in this place.
 B = Non-inter-level travel time spent in this place.
 C = Inter-level travel time spent in this place.
 D = Time resting spent in this place.
 E = Time spent auto-exploring this place.
 F = Levels seen in this place.
 G = Mean time per level.
                   A        B        C        D        E       F      G
               +--------+--------+--------+--------+--------+-----+--------+
         Total |   1421 |   1325 |     96 |      0 |    651 |   2 |  710.5 |
       Dungeon |   1421 |   1325 |     96 |      0 |    651 |   2 |  710.5 |
               +--------+--------+--------+--------+--------+-----+--------+

Top non-repeatable levels by time:
     D:1: 970 daAuts
     D:2: 450 daAuts
